PCL
LANSING LUGNUTS @ LAS VEGAS STARS
09/07/2023
 
TOP OF THE 1ST
Lansing Lugnuts batting - Pitching for Las Vegas Stars : RHP Jim Hendon
Pitching: RHP Jim Hendon
Batting: LHB Jeffrey Satterley 0-0: Called Strike
0-1: Foul Ball, location: 2F
0-2: Strikes out swinging
Batting: RHB Jim Tracy 0-0: Ground out 6-3 (Groundball, 6M)
Batting: RHB Gilberto López 0-0: Ball
1-0: Called Strike
1-1: Ball
2-1: Ball
3-1: Ground out 6-3 (Groundball, 6)
Top of the 1st over - 0 run(s), 0 hit(s), 0 error(s), 0 left on base; Lansing 0 - Las Vegas 0
BOTTOM OF THE 1ST
Las Vegas Stars batting - Pitching for Lansing Lugnuts : RHP Raúl Contreras
Pitching: RHP Raúl Contreras
Batting: RHB Vicente Salgado 0-0: Ball
1-0: Foul Ball, location: 2F
1-1: Foul Ball, location: 2F
1-2: Foul Ball, location: 2F
1-2: Foul Ball, location: 2F
1-2: SOLO HOME RUN (Flyball, 7D), Distance : 396 ft
Batting: RHB Ron Shelton 0-0: Foul Ball, location: 2F
0-1: Ground out 6-3 (Groundball, 6)
Batting: RHB Cole Bradley 0-0: Called Strike
0-1: Hit by Pitch
Batting: RHB Jeremy Atkins 0-0: Fielders Choice at 2nd, 6-4 (Groundball, 6M)
Batting: LHB Evan Slootweg 0-0: Swinging Strike
0-1: Ball
1-1: Ball
2-1: Swinging Strike
2-2: Ball
3-2: Strikes out swinging
Bottom of the 1st over - 1 run(s), 1 hit(s), 0 error(s), 1 left on base; Lansing 0 - Las Vegas 1
TOP OF THE 2ND
Lansing Lugnuts batting - Pitching for Las Vegas Stars : RHP Jim Hendon
Batting: RHB Taki Chikafuji 0-0: Called Strike
0-1: Ground out 6-3 (Groundball, 6)
Batting: RHB Steve Hathaway 0-0: SINGLE (Groundball, 56D)
Batting: RHB Rafael González 0-0: Ball
1-0: Called Strike
1-1: Ball
2-1: Foul Ball, location: 2F
2-2: Fielders Choice at 2nd, 6-4 (Groundball, 6M)
Batting: RHB Héctor Pinto 0-0: Ball
1-0: Called Strike
1-1: Foul Ball, location: 2F
1-2: Foul Ball, location: 2F
1-2: Foul Ball, location: 2F
1-2: Strikes out swinging
Top of the 2nd over - 0 run(s), 1 hit(s), 0 error(s), 1 left on base; Lansing 0 - Las Vegas 1
BOTTOM OF THE 2ND
Las Vegas Stars batting - Pitching for Lansing Lugnuts : RHP Raúl Contreras
Batting: LHB Eliot Helen 0-0: Ball
1-0: Foul Ball, location: 2F
1-1: Ball
2-1: Swinging Strike
2-2: Ball
3-2: Foul Ball, location: 2F
3-2: SINGLE (Groundball, 6MD)
Batting: LHB Parker Marshall 0-0: Foul Ball, location: 2F
0-1: Called Strike
0-2: Ball
1-2: Foul Ball, location: 2F
1-2: Ball
2-2: Strikes out looking
Batting: SHB Santiago Farías 0-0: Called Strike
0-1: Swinging Strike
0-2: Ball
1-2: Ball
2-2: Fly out, F2 (Popup, 25F)
Batting: RHB Bill McGrath 0-0: Ball
1-0: Swinging Strike
1-1: Swinging Strike
1-2: Strikes out swinging
Bottom of the 2nd over - 0 run(s), 1 hit(s), 0 error(s), 1 left on base; Lansing 0 - Las Vegas 1
TOP OF THE 3RD
Lansing Lugnuts batting - Pitching for Las Vegas Stars : RHP Jim Hendon
Batting: RHB Yasuoka Tanaka 0-0: Ball
1-0: Ball
2-0: Called Strike
2-1: Foul Ball, location: 2F
2-2: Foul Ball, location: 2F
2-2: Fly out, F8 (Flyball, 8LXD)
Batting: RHB Gordon Langley 0-0: Ground out 6-3 (Groundball, 6M)
Batting: LHB Jeffrey Satterley 0-0: Called Strike
0-1: Ground out 3-1 (Groundball, 3L)
Top of the 3rd over - 0 run(s), 0 hit(s), 0 error(s), 0 left on base; Lansing 0 - Las Vegas 1
BOTTOM OF THE 3RD
Las Vegas Stars batting - Pitching for Lansing Lugnuts : RHP Raúl Contreras
Batting: RHB Vicente Salgado 0-0: Called Strike
0-1: Ball
1-1: Ground out 5-3 (Groundball, 5)
Batting: RHB Ron Shelton 0-0: Fly out, F4 (Line Drive, 4)
Batting: RHB Cole Bradley 0-0: Ball
1-0: Ball
2-0: Ball
3-0: Base on Balls
Batting: RHB Jeremy Atkins 0-0: Ball
1-0: Ball
Passed Ball!
Cole Bradley to second
2-0: Swinging Strike
2-1: Ball
3-1: Base on Balls
Batting: LHB Evan Slootweg 0-0: Ball
1-0: Swinging Strike
1-1: Ball
2-1: Foul Ball, location: 2F
2-2: Ball
3-2: Strikes out swinging
Bottom of the 3rd over - 0 run(s), 0 hit(s), 0 error(s), 2 left on base; Lansing 0 - Las Vegas 1
TOP OF THE 4TH
Lansing Lugnuts batting - Pitching for Las Vegas Stars : RHP Jim Hendon
Batting: RHB Jim Tracy 0-0: Foul Ball, location: 2F
0-1: Ball
1-1: Ball
2-1: Ground out 4-3 (Groundball, 4)
Batting: RHB Gilberto López 0-0: Ball
1-0: Called Strike
1-1: Ball
2-1: Ball
3-1: Swinging Strike
3-2: Fly out, F7 (Flyball, 7D)
Batting: RHB Taki Chikafuji 0-0: Called Strike
0-1: Ground out 4-3 (Groundball, 13)
Top of the 4th over - 0 run(s), 0 hit(s), 0 error(s), 0 left on base; Lansing 0 - Las Vegas 1
BOTTOM OF THE 4TH
Las Vegas Stars batting - Pitching for Lansing Lugnuts : RHP Raúl Contreras
Batting: LHB Eliot Helen 0-0: Foul Ball, location: 2F
0-1: Ball
1-1: Called Strike
1-2: Ball
2-2: Foul Ball, location: 2F
2-2: Ball
3-2: Foul Ball, location: 2F
3-2: Ground out U3 (Groundball, 3L)
Batting: LHB Parker Marshall 0-0: Called Strike
0-1: Foul Ball, location: 2F
0-2: Foul Ball, location: 2F
0-2: Ball
1-2: Strikes out looking
Batting: SHB Santiago Farías 0-0: Foul Ball, location: 2F
0-1: Ball
1-1: Swinging Strike
1-2: Foul Ball, location: 2F
1-2: Strikes out looking
Bottom of the 4th over - 0 run(s), 0 hit(s), 0 error(s), 0 left on base; Lansing 0 - Las Vegas 1
TOP OF THE 5TH
Lansing Lugnuts batting - Pitching for Las Vegas Stars : RHP Jim Hendon
Batting: RHB Steve Hathaway 0-0: Ball
1-0: Called Strike
1-1: Foul Ball, location: 2F
1-2: Ball
2-2: Strikes out swinging
Batting: RHB Rafael González 0-0: Ball
1-0: Swinging Strike
1-1: Foul Ball, location: 2F
1-2: Ball
2-2: Strikes out swinging
Batting: RHB Héctor Pinto 0-0: Fly out, F7 (Flyball, 7M)
Top of the 5th over - 0 run(s), 0 hit(s), 0 error(s), 0 left on base; Lansing 0 - Las Vegas 1
BOTTOM OF THE 5TH
Las Vegas Stars batting - Pitching for Lansing Lugnuts : RHP Raúl Contreras
Batting: RHB Bill McGrath 0-0: Called Strike
0-1: Ball
1-1: SINGLE (Line Drive, 4M)
Batting: RHB Vicente Salgado 0-0: Ball
1-0: Foul Ball, location: 2F
1-1: DOUBLE (Flyball, 89D)
Bill McGrath to third
Batting: RHB Ron Shelton 0-0: Called Strike
0-1: Ball
1-1: Ball
2-1: Ball
3-1: Foul Ball, location: 2F
3-2: Base on Balls
Batting: RHB Cole Bradley 0-0: Foul Ball, location: 2F
0-1: Ball
1-1: Foul Ball, location: 2F
1-2: Ball
2-2: Strikes out swinging
Batting: RHB Jeremy Atkins 0-0: Ball
1-0: Foul Ball, location: 2F
1-1: Foul Ball, location: 2F
1-2: Strikes out swinging
Batting: LHB Evan Slootweg 0-0: Ball
1-0: Ball
2-0: Foul Ball, location: 2F
2-1: Foul Ball, location: 2F
2-2: SINGLE (Line Drive, 4MD)
Bill McGrath scores
Vicente Salgado to third
Ron Shelton to second
Pitching: LHP Carl Lewis
Batting: LHB Eliot Helen 0-0: Ball
1-0: Ball
2-0: Ball
Wild Pitch!
Vicente Salgado scores
Ron Shelton to third
Evan Slootweg to second
3-0: Swinging Strike
3-1: Swinging Strike
3-2: Strikes out swinging
Bottom of the 5th over - 2 run(s), 3 hit(s), 0 error(s), 2 left on base; Lansing 0 - Las Vegas 3
TOP OF THE 6TH
Lansing Lugnuts batting - Pitching for Las Vegas Stars : RHP Jim Hendon
Batting: RHB Yasuoka Tanaka 0-0: Called Strike
0-1: Ground out 6-3 (Groundball, 6M)
Batting: RHB Gordon Langley 0-0: Called Strike
0-1: Ball
1-1: Ball
2-1: Foul Ball, location: 2F
2-2: Ball
3-2: Foul Ball, location: 2F
3-2: Ground out 5-3 (Groundball, 56)
Batting: LHB Jeffrey Satterley 0-0: Ball
1-0: Foul Ball, location: 2F
1-1: Swinging Strike
1-2: Ball
2-2: SINGLE (Popup, 8RS)
Batting: RHB Jim Tracy 0-0: Fielders Choice at 2nd, U4 (Groundball, 4M)
Top of the 6th over - 0 run(s), 1 hit(s), 0 error(s), 1 left on base; Lansing 0 - Las Vegas 3
BOTTOM OF THE 6TH
Las Vegas Stars batting - Pitching for Lansing Lugnuts : LHP Carl Lewis
Batting: LHB Parker Marshall 0-0: Called Strike
0-1: SINGLE (Line Drive, 89S)
Batting: SHB Santiago Farías 0-0: Called Strike
0-1: Foul Ball, location: 2F
0-2: Foul Ball, location: 2F
0-2: Ball
1-2: Foul Ball, location: 2F
1-2: Foul Ball, location: 2F
1-2: Fly out, F7 (Flyball, 7M)
Batting: RHB Bill McGrath 0-0: Fly out, F8 (Flyball, 8RD)
Batting: RHB Vicente Salgado 0-0: Ball
1-0: Swinging Strike
1-1: Swinging Strike
1-2: Foul Ball, location: 2F
1-2: Foul Ball, location: 2F
1-2: Ball
2-2: Ball
3-2: Strikes out swinging
Bottom of the 6th over - 0 run(s), 1 hit(s), 0 error(s), 1 left on base; Lansing 0 - Las Vegas 3
TOP OF THE 7TH
Lansing Lugnuts batting - Pitching for Las Vegas Stars : RHP Jim Hendon
Batting: RHB Gilberto López 0-0: Foul Ball, location: 2F
0-1: Swinging Strike
0-2: Fly out, F5 (Line Drive, 5S)
Batting: RHB Taki Chikafuji 0-0: Called Strike
0-1: Ball
1-1: Foul Ball, location: 2F
1-2: Strikes out swinging
Batting: RHB Steve Hathaway 0-0: Ball
1-0: Ball
2-0: Ball
3-0: Base on Balls
Pitching: RHP Oliver Donahue
Batting: RHB Rafael González 0-0: Fielders Choice at 2nd, 6-4 (Groundball, 56)
Top of the 7th over - 0 run(s), 0 hit(s), 0 error(s), 0 left on base; Lansing 0 - Las Vegas 3
BOTTOM OF THE 7TH
Las Vegas Stars batting - Pitching for Lansing Lugnuts : LHP Carl Lewis
Batting: RHB Ron Shelton 0-0: Called Strike
0-1: Fly out, F2 (Popup, 2R)
Pitching: LHP Craig Bowling
Batting: RHB Cole Bradley 0-0: Ball
1-0: Swinging Strike
1-1: Called Strike
1-2: Strikes out swinging
Batting: RHB Jeremy Atkins 0-0: Called Strike
0-1: Ball
1-1: Swinging Strike
1-2: Strikes out looking
Bottom of the 7th over - 0 run(s), 0 hit(s), 0 error(s), 0 left on base; Lansing 0 - Las Vegas 3
TOP OF THE 8TH
Lansing Lugnuts batting - Pitching for Las Vegas Stars : RHP Oliver Donahue
Batting: RHB Héctor Pinto 0-0: Called Strike
0-1: Ball
1-1: Ball
2-1: Called Strike
2-2: Foul Ball, location: 2F
2-2: Ball
3-2: Strikes out swinging
Batting: RHB Yasuoka Tanaka 0-0: Ball
1-0: SINGLE (Line Drive, 6)
Pitching: RHP Mike Drader
Batting: RHB Gordon Langley 0-0: Ball
1-0: Foul Ball, location: 2F
1-1: Swinging Strike
1-2: Ball
2-2: Foul Ball, location: 2F
2-2: Strikes out swinging
Batting: LHB Jeffrey Satterley 0-0: Called Strike
0-1: Swinging Strike
0-2: Ball
1-2: Ball
Wild Pitch!
Yasuoka Tanaka to second
2-2: Strikes out swinging
Top of the 8th over - 0 run(s), 1 hit(s), 0 error(s), 1 left on base; Lansing 0 - Las Vegas 3
BOTTOM OF THE 8TH
Las Vegas Stars batting - Pitching for Lansing Lugnuts : LHP Craig Bowling
Batting: LHB Evan Slootweg 0-0: Ball
1-0: Swinging Strike
1-1: Ball
2-1: Foul Ball, location: 2F
2-2: Strikes out swinging
Batting: LHB Eliot Helen 0-0: Ball
1-0: Ball
2-0: Foul Ball, location: 2F
2-1: Called Strike
2-2: Foul Ball, location: 2F
2-2: DOUBLE (Line Drive, 7LS)
Batting: LHB Parker Marshall 0-0: Called Strike
0-1: Foul Ball, location: 2F
0-2: Ball
1-2: Ball
2-2: Strikes out swinging
Batting: SHB Santiago Farías 0-0: Ball
1-0: Ground out U3 (Groundball, 3)
Bottom of the 8th over - 0 run(s), 1 hit(s), 0 error(s), 1 left on base; Lansing 0 - Las Vegas 3
TOP OF THE 9TH
Lansing Lugnuts batting - Pitching for Las Vegas Stars : RHP Mike Drader
Pitching: RHP John Corrigan
Batting: RHB Jim Tracy 0-0: Foul Ball, location: 2F
0-1: Foul Ball, location: 2F
0-2: Foul Ball, location: 2F
0-2: Ball
1-2: Foul Ball, location: 2F
1-2: Ball
2-2: Foul Ball, location: 2F
2-2: Ball
3-2: Foul Ball, location: 2F
3-2: SINGLE (Groundball, 23) (infield hit)
Batting: RHB Gilberto López 0-0: Ball
1-0: Ball
2-0: Swinging Strike
2-1: Ground out 4-3 (Groundball, 4M)
Jim Tracy to second
Batting: RHB Taki Chikafuji 0-0: Called Strike
0-1: Called Strike
0-2: Ground out 5-3 (Groundball, 56S)
Jim Tracy to third
Batting: RHB Steve Hathaway 0-0: Ball
Wild Pitch!
Jim Tracy scores
1-0: Ground out 5-3 (Groundball, 56)
Top of the 9th over - 1 run(s), 1 hit(s), 0 error(s), 0 left on base; Lansing 1 - Las Vegas 3
This league is powered by Out of the Park Baseball, the baseball management simulation game for PC, Mac and Linux
Wednesday, December 2nd, 2015 - OOTP Baseball 16.8 Build 38